 Dungeon Crawl Stone Soup version 0.30.0 (webtiles) character file.

Game seed: 12079536872102470923

1 Esekla the Trooper (level 1, 19/19 HPs)
             Began as a Draconian Wanderer on May 6, 2023.
             Got out of the dungeon alive.
             The game lasted 00:00:58 (49 turns).

Esekla the Trooper (Draconian Wanderer)               Turns: 49, Time: 00:00:59

Health: 19/19      AC:  4    Str: 14    XL:     1   Next: 16%
Magic:  3/3        EV: 11    Int: 13    God:
Gold:   13         SH:  0    Dex:  9    Spells: 3/4 levels left

rFire   . . .        a - +3 dagger
rCold   . . .        (no shield)
rNeg    . . .        (body armour unavailable)
rPois   .            (helmet restricted)
rElec   .            (no cloak)
rCorr   .            (no gloves)
SInv    .            (no boots)
Will    .....        (no amulet)
Stlth   +            (no ring)
HPRegen 0.23/turn    (no ring)
MPRegen 0.08/turn

%: no passive effects
@: no status effects
A: AC +4, unfitting armour, cold-blooded
a: no special abilities


You escaped.
You visited 1 branch of the dungeon, and saw 1 of its levels.

You collected 13 gold pieces.

Inventory:

Hand Weapons
 a - a +3 dagger (weapon)
Missiles
 b - 2 curare-tipped darts (quivered)
 d - 4 poisoned darts
Jewellery
 e - an amulet of faith
Potions
 c - a potion of lignification
 f - a potion of brilliance {unknown}


   Skills:
 * Level 3.4 Fighting
 + Level 2.6 Throwing
 + Level 1.0 Dodging
 * Level 2.0 Spellcasting
 + Level 1.0 Poison Magic


You had 3 spell levels left.
You knew the following spells:

 Your Spells              Type           Power      Damage    Failure   Level
a - Sting                 Tmut/Pois      8%         1d3       21%         1

Your spell library contained the following spells:

 Spells                   Type           Power      Damage    Failure   Level
 Ensorcelled Hibernation  Hex/Ice        2%         N/A       36%         2
 Passwall                 Tmut/Erth      0%         N/A       36%         2
 Ignite Poison            Fire/Tmut/Pois 2%         N/A       54%         3
 Swiftness                Air            1%         N/A       58%         3


Dungeon Overview and Level Annotations

Branches:
Dungeon (1/15)

Altars:


Innate Abilities, Weirdness & Mutations

Your plain brown scales are hard. (AC +4)
You cannot fit into any form of body armour.
You are cold-blooded and may be slowed by cold attacks.


Message History

You begin with the following items: a +3 dagger, 2 curare-tipped darts, a potion of lignification; and the following spell memorised: Sting; and the following spells available to memorise: Ignite Poison.
A quokka comes into view.
You see here a book of Burglary.
You pick up a book of Burglary and begin reading...
You add the spells Passwall, Ensorcelled Hibernation and Swiftness to your library.
You see here 4 poisoned darts.
d - 4 poisoned darts
Found 13 gold pieces.
Found a runed sapphire amulet.
Okay, then.
Found a stone staircase leading down.
You hit the quokka.
The quokka is lightly wounded.
The quokka closely misses you.
You barely miss the quokka.
The quokka is lightly wounded.
The quokka bites you but does no damage.
You hit the quokka.
The quokka is moderately wounded.
The quokka barely misses you.
You miss the quokka. You tail-slap the quokka.
The quokka is almost dead.
The quokka completely misses you.
You closely miss the quokka.
You tail-slap the quokka, but do no damage.
The quokka is almost dead.
The quokka bites you. x2
You barely miss the quokka.
The quokka is almost dead.
The quokka bites you.
You hit the quokka.
You kill the quokka!
Found a fizzy yellow potion.
e - an amulet of faith You now have 13 gold pieces.
f - a fizzy yellow potion
Found a stone staircase leading down.
There is a staircase leading out of the dungeon here.
Are you sure you want to leave the Dungeon?
This will make you lose the game!
You have escaped!

.. #.........# ......
#........# ......
#........# ......##
##........#
.......###.........#
..................#
#.........###...#
##.......## ##..#
#...@...# #..#
##.......## ##..#
.###.........###...#
....................#
........###.†.......#
.......## ##........#
....... #........#
....... ##........##
....... ##..........#


There were no monsters in sight!

Vanquished Creatures
  A quokka (D:1)
1 creature vanquished.

Notes
Turn   | Place    | Note
-------+----------+-------------------------------------------
     0 | D:1      | Esekla the Draconian Wanderer began the quest for the Orb.
     0 | D:1      | Esekla set off with the following items: a +3 dagger, 2
                  | curare-tipped darts, a potion of lignification; and the
                  | following spell memorised: Sting; and the following spells
                  | available to memorise: Ignite Poison.
     0 | D:1      | Reached XP level 1. HP: 19/19 MP: 3/3
    49 | D:$      | Got out of the dungeon alive.

Illustrated notes

Levels and vault maps discovered:
D:1:      minmay_arrival_four_circles, layout_basic

Action                     || total
---------------------------++-------
  Melee: Dagger            ||     7
         Tailslap          ||     2
 Armour: Skin              ||     1
  Dodge: Dodged            ||     3
